Map: Year Zero LE

Players

ZipperTheFly - Winner!

  • Race: Terran Terran
  • League: Grandmaster
  • Spawn Location: 11:00

GOStephano (Stephano)

  • Race: Zerg Zerg
  • League: Grandmaster
  • Spawn Location: 1:00

VOD

Have the link to the VOD?

Description

Time

  • Played on: April 11, 2019, 8:53 a.m.
  • Length: 13:13
Show
View Real Time Build Order
Export as new Build Order

ZipperTheFly Terran - Winner!

Build Orders: Liberator Opening, Reaper Expand 

Get SALT Encoding   

  12  0:00  SCV  
  13  0:12  SCV  
  14  0:17  Supply Depot  
  14  0:25  SCV  
  15  0:39  SCV  
  15  0:40  Barracks  
  16  0:45  Refinery  
  16  0:51  SCV  
  17  1:03  SCV  
  18  1:15  SCV  
  19  1:28  Reaper, Orbital Command  
  20  1:41  Command Center  
  20  1:50  Supply Depot  
  20  1:53  SCV  
  21  2:00  Marine  
  22  2:05  SCV  
  23  2:09  Factory  
  23  2:12  Refinery  
  23  2:17  SCV  
  24  2:23  Barracks Reactor  
  24  2:29  SCV  
  25  2:41  SCV  
  26  2:53  Orbital Command  
  26  2:55  SCV  
  27  3:02  Starport  
  27  3:04  Barracks Tech Lab  
  27  3:06  Hellion x2  
  27  3:11  SCV  
  32  3:22  SCV  
  32  3:23  SCV  
  34  3:29  Hellion x2  
  34  3:33  Supply Depot  
  38  3:35  SCV x2, Stimpack  
  38  3:39  Viking  
  42  3:43  Marine  
  42  3:47  SCV  
  42  3:48  SCV  
  45  3:54  Liberator  
  45  3:55  Hellion x2  
  49  3:59  Supply Depot  
  49  4:00  SCV x2  
  54  4:21  SCV x2  
  56  4:29  Command Center  
  56  4:33  SCV x2  
  56  4:34  Factory Tech Lab  
  56  4:37  Supply Depot  
  59  4:45  Barracks  
  58  4:46  Barracks  
  58  4:47  SCV x2  
  58  4:50  Engineering Bay  
  58  4:52  Engineering Bay, Marine  
  61  4:57  Starport Reactor  
  62  5:00  SCV x2, Refinery  
  62  5:02  Supply Depot  
  62  5:05  Siege Tank  
  66  5:12  SCV  
  67  5:15  SCV  
  67  5:17  Terran Infantry Weapons Level 1  
  67  5:18  Refinery  
  68  5:22  Terran Infantry Armor Level 1  
  68  5:23  Marine  
  68  5:27  SCV x2  
  71  5:34  Marine x2  
  73  5:41  Starport Reactor  
  73  5:42  Marine x2  
  74  5:43  Marine, Siege Tank  
  74  5:48  Orbital Command  
  74  5:49  Combat Shield  
  74  5:54  SCV x2  
  76  5:59  Barracks, Marine x2  
  76  6:00  Barracks, Marine  
  79  6:06  Marine x2  
  79  6:10  SCV x2  
  83  6:15  Orbital Command  
  83  6:17  Marine  
  83  6:18  Marine x2  
  86  6:19  Medivac x2  
  86  6:21  Siege Tank  
  93  6:26  Supply Depot  
  93  6:27  Supply Depot  
  93  6:32  Marine  
  95  6:37  Marine x4  
  95  6:39  SCV  
  100  6:40  SCV  
  100  6:42  SCV  
  102  6:54  Barracks Reactor x2  
  102  6:55  Siege Tank  
  102  6:59  SCV x2  
  102  7:01  Marine x3, Medivac x2  
  108  7:02  Marine x2  
  108  7:03  SCV  
  108  7:05  Supply Depot  
  108  7:07  Supply Depot, Refinery  
  108  7:08  Supply Depot  
  116  7:11  SCV  
  116  7:12  Armory  
  117  7:26  Marine x5  
  117  7:27  SCV  
  117  7:28  SCV  
  125  7:30  SCV  
  125  7:39  SCV  
  126  7:47  Marine x4  
  126  7:48  Marine x3  
  126  7:49  Marine x2, Siege Tank  
  126  7:50  SCV  
  141  7:53  SCV  
  140  7:59  SCV  
  140  8:00  Terran Infantry Weapons Level 2, Terran Infantry Armor Level 2  
  141  8:14  Marine x2  
  141  8:16  Marine  
  126  8:22  Marine  
  126  8:23  Marine x2  
  119  8:28  Siege Tank  
  119  8:30  Marine  
  119  8:31  Marine  
  119  8:32  Marine, Medivac x2  
  124  8:36  Marine x3  
  127  8:48  Marine x3  
  127  8:50  Command Center  
  129  9:02  Marine x4, Medivac x2  
  124  9:03  Siege Tank  
  124  9:07  Marine x3  
  133  9:19  Barracks  
  133  9:20  Supply Depot, Marine x2  
  133  9:21  Supply Depot, Barracks  
  133  9:22  Barracks  
  133  9:23  Marine x4  
  139  9:25  Liberator x2  
  139  9:34  Marine x2  
  139  9:38  Marine x3  
  141  9:41  Siege Tank  
  146  9:48  Marine  
  146  9:49  Marine  
  148  9:55  Marine x5  
  148  9:59  Supply Depot  
  153  10:00  Supply Depot  
  153  10:07  Marine x2  
  153  10:12  Marine x2  
  153  10:13  Marine x2  
  154  10:15  Marine x2  
  154  10:17  Terran Infantry Weapons Level 3, Terran Infantry Armor Level 3  
  154  10:18  Marine  
  154  10:19  Planetary Fortress  
  154  10:20  Barracks Tech Lab  
  154  10:21  Barracks Tech Lab x2  
  157  10:24  SCV, Marine  
  157  10:25  SCV  
  160  10:33  Marine x5  
  160  10:34  Siege Tank  
  160  10:44  Marine x4  
  155  10:50  Marine  
  155  10:51  Marine x4  
  155  10:52  Medivac x2  
  155  10:56  Marauder x3  
  167  11:02  Marine x4  
  170  11:08  Liberator, Marine x2  
  170  11:09  Marine  
  173  11:13  Marine  
  174  11:20  Liberator  
  174  11:21  Marauder x2, Marine x2  
  174  11:22  Marauder, Marine  
  174  11:25  Supply Depot x2  
  185  11:44  Marine x2  
  185  11:45  Marauder x2  
  185  11:46  Marauder x2, Marine x3, Siege Tank  
  194  11:56  Marine x2  
  194  11:57  Marine  
  186  12:02  Marine x2  
  186  12:04  Marine x2  
  186  12:06  Marauder x2  
  186  12:08  Marauder x2  
  198  12:10  Marine  
  198  12:15  Marine x3  
  182  12:20  Marine  
  182  12:22  Marine  
  170  12:25  Marine  
  170  12:26  Marine  
  170  12:27  Marauder  
  170  12:28  Marauder, Marine, Medivac  
  170  12:29  Marauder x2, Medivac  
  161  12:33  Marine x2  
  161  12:35  Marine  
  158  12:37  Marine  
  158  12:38  Command Center  
  158  12:40  Marine  
  160  12:44  Marine  
  160  12:45  Marine  
  160  12:49  Marauder x2  
  160  12:51  Marauder x2  
Show
View Real Time Build Order
Export as new Build Order

GOStephano Zerg 

Build Orders: Hatch First 

Get SALT Encoding   

  12  0:00  Drone  
  13  0:13  Overlord  
  13  0:17  Drone  
  14  0:31  Drone x2  
  16  0:49  Hatchery  
  15  0:53  Drone  
  15  0:56  Drone  
  17  0:59  Drone  
  18  1:10  Extractor  
  17  1:15  Spawning Pool  
  16  1:19  Drone  
  16  1:22  Drone  
  18  1:29  Drone  
  19  1:39  Drone  
  20  1:49  Drone  
  21  2:01  Queen  
  21  2:02  Zergling x2, Queen  
  21  2:03  Zergling x2  
  27  2:11  Overlord  
  27  2:13  Drone  
  28  2:25  Hatchery  
  28  2:27  Drone  
  28  2:32  Drone  
  28  2:36  Drone x2  
  31  2:44  Queen  
  31  2:48  Overlord  
  31  2:51  Drone  
  34  2:55  Metabolic Boost  
  34  3:01  Drone  
  34  3:02  Drone  
  36  3:10  Drone x2  
  36  3:11  Drone x2  
  40  3:13  Drone  
  41  3:24  Overlord  
  41  3:26  Drone  
  42  3:28  Queen  
  44  3:37  Queen  
  44  3:39  Queen  
  44  3:40  Drone x2  
  50  3:44  Drone x2  
  50  3:45  Drone  
  53  3:52  Zergling x4  
  55  3:56  Drone x2  
  55  3:58  Drone  
  55  3:59  Overlord x2  
  58  4:12  Overlord  
  58  4:16  Overlord  
  58  4:18  Queen  
  58  4:20  Drone x2, Spore Crawler  
  61  4:25  Evolution Chamber x2, Drone x2  
  61  4:26  Drone x2  
  61  4:31  Queen  
  63  4:35  Drone x3  
  68  4:40  Zergling x6  
  68  4:44  Queen  
  73  4:52  Spore Crawler  
  72  4:53  Spore Crawler, Zergling x8  
  72  4:56  Drone  
  72  4:57  Drone x2  
  78  5:06  Queen  
  79  5:07  Queen  
  79  5:10  Zerg Ground Armor Level 1  
  79  5:12  Zerg Melee Weapons Level 1  
  81  5:16  Overlord  
  81  5:17  Overlord  
  81  5:24  Overlord x2  
  81  5:26  Extractor  
  81  5:27  Extractor  
  79  5:31  Overlord x2  
  79  5:34  Overlord  
  79  5:37  Overlord  
  79  5:39  Overlord  
  79  5:41  Drone x3  
  82  5:42  Overlord  
  82  5:48  Lair  
  82  5:49  Drone x3  
  85  5:57  Drone  
  85  5:59  Drone  
  85  6:00  Drone x3, Baneling Nest  
  88  6:13  Drone x5  
  93  6:18  Extractor  
  93  6:23  Hatchery  
  91  6:37  Zergling x30  
  106  6:46  Baneling x4  
  106  6:47  Baneling x2  
  106  6:55  Baneling x2, Centrifical Hooks  
  106  6:56  Drone x2  
  106  6:57  Drone x2  
  106  7:00  Extractor  
  109  7:05  Baneling x2  
  109  7:06  Baneling x3  
  109  7:07  Drone x5  
  109  7:08  Overlord  
  114  7:11  Baneling x2  
  114  7:12  Baneling x3, Zergling x12  
  120  7:17  Zergling x4  
  122  7:25  Zergling x8  
  122  7:27  Zerg Ground Armor Level 2  
  126  7:39  Zergling x16  
  134  7:52  Zergling x18  
  134  7:58  Baneling x6  
  143  8:00  Zergling x6  
  146  8:19  Zergling x24  
  138  8:24  Extractor  
  138  8:26  Zerg Melee Weapons Level 2  
  137  8:27  Infestation Pit  
  137  8:28  Hydralisk Den  
  137  8:29  Drone x3  
  137  8:33  Extractor  
  128  8:36  Zergling x8  
  132  8:43  Overlord  
  132  8:46  Drone x3  
  128  8:55  Drone x7  
  128  9:01  Muscular Augments  
  129  9:04  Drone x3  
  129  9:05  Hive  
  129  9:06  Overlord x2  
  132  9:13  Hydralisk x6  
  144  9:20  Overlord x2  
  144  9:25  Hydralisk  
  144  9:26  Hydralisk x5  
  156  9:33  Hydralisk x2  
  160  9:41  Baneling x7  
  160  9:42  Hydralisk x2, Hatchery  
  164  9:45  Drone x2  
  164  9:46  Drone x3  
  164  9:49  Spore Crawler  
  167  9:59  Zerg Missile Weapons Level 1  
  167  10:02  Evolution Chamber, Zergling x20  
  167  10:03  Zergling x2  
  176  10:11  Overlord x2  
  176  10:12  Grooved Spines  
  175  10:28  Overlord  
  175  10:33  Zergling x30  
  175  10:34  Hatchery  
  172  10:45  Zergling x8  
  157  10:50  Hydralisk x4  
  162  11:02  Hydralisk x7  
  168  11:08  Zergling x4  
  168  11:09  Zergling x8  
  174  11:13  Zergling x2  
  174  11:14  Zergling x8  
  179  11:25  Hydralisk x5  
  188  11:33  Zergling x16  
  188  11:35  Baneling x5  
  191  11:44  Zergling x18  
  190  11:57  Zergling x26  
  192  12:06  Hydralisk  
  192  12:07  Hydralisk x4  
  196  12:14  Zergling x14  
  169  12:22  Hydralisk x3  
  136  12:23  Hydralisk  
  136  12:26  Zergling x4  
  134  12:32  Hydralisk x3  
  127  12:37  Baneling x4  
  127  12:40  Baneling x8  
  127  12:41  Zergling x2  
  128  12:45  Zergling x2  
  128  12:46  Zergling x6  
Tags
 
Add a new tag
Caveats
  • Supply blocks, unpowered buildings, or Contaminate may cause inaccurate times.
  • Supply counts are checked every 10 seconds.